 Dungeon Crawl Stone Soup version 0.30-a0-643-g638baaf3f0 (webtiles) character file.

Game seed: 15714802942056163690

31 Chromium the Trooper (level 3, -7/33 HPs)
             Began as a Hill Orc Fighter on Jan 16, 2023.
             Mangled by Sigmund
             ... wielding a +1 scythe of flaming
              (11 damage)
             ... on level 2 of the Dungeon.
             The game lasted 00:08:47 (781 turns).

Chromium the Trooper (Hill Orc Fighter)              Turns: 781, Time: 00:08:47

Health: -7/33      AC:  8    Str: 20    XL:     3   Next: 22%
Magic:  3/3        EV:  9    Int:  8    God:
Gold:   41         SH:  4    Dex: 10    Spells: 2/2 levels left

rFire   . . .      SeeInvis .    a - +0 war axe
rCold   . . .      Faith    .    c - +0 buckler
rNeg    . . .      Spirit   .    b - +0 scale mail
rPois   .          Reflect  .    (no helmet)
rElec   .          Harm     .    g - +0 cloak
rCorr   .          Rampage  .    (no gloves)
Will    .....      Rage     3%   (no boots) Stlth
                                 (no amulet)
HPRegen 0.25/turn                (no ring)
MPRegen 0.08/turn                (no ring)

@: mighty, about to teleport
A: berserk 1, MP-powered wands
a: no special abilities


You were on level 2 of the Dungeon.
You visited 1 branch of the dungeon, and saw 2 of its levels.

You collected 41 gold pieces.

Inventory:

Hand Weapons
 a - a +0 war axe (weapon)
 e - a +1 spear of venom
 m - a +0 dagger
Missiles
 p - 13 stones (quivered)
Armour
 b - a +0 scale mail (worn)
 c - a +0 buckler (worn)
 g - a +0 cloak (worn)
 h - a +0 ring mail
Scrolls
 o - a scroll of vulnerability {unknown}
 q - a scroll of amnesia {unknown}
Potions
 f - a potion of lignification {unknown}
 i - 3 potions of mutation
 j - a potion of degeneration {unknown}
 k - a potion of attraction {unknown}
 n - a potion of brilliance {unknown}


   Skills:
 + Level 4.1 Fighting
 + Level 3.2 Axes
 + Level 0.1 Throwing
 + Level 3.5 Armour
 + Level 0.1 Dodging
 + Level 3.7 Shields


You had 2 spell levels left.
You didn't know any spells.
Your spell library was empty.

Dungeon Overview and Level Annotations

Branches:
Dungeon (2/15)

Altars:

Annotations:
D:2 Sigmund


Innate Abilities, Weirdness & Mutations

You sometimes lose your temper in combat.
You expend magic power (3 MP) to strengthen your wands.


Message History

You see here a +0 club.
Sigmund, a kobold and a rat come into view.
Sigmund is wielding a +1 scythe of flaming.
Sigmund shouts!
The kobold shouts!
The kobold throws a stone.
The stone closely misses you.
You barely miss the kobold.
The kobold hits you with a +0 short sword.
Sigmund hits you but does no damage.
You closely miss the kobold. You block the kobold's attack.
Sigmund barely misses you.
You barely miss the kobold.
The kobold hits you with a +0 short sword.
The rat twitches its whiskers.
The kobold hits you but does no damage. You block Sigmund's attack.
A quokka comes into view.
You hit the kobold but do no damage. The kobold hits you but does no damage.
Sigmund gestures wildly while chanting.
Sigmund flickers and vanishes!
Deactivating autopickup; reactivate with Ctrl-A.
You closely miss the kobold. The kobold hits you but does no damage.
Something hits you. Something burns you.
You miss the kobold. The kobold hits you but does no damage.
You block the kobold's attack. Something hits you. Something burns you.
You closely miss the kobold.
The kobold hits you with a +0 short sword.
You block something's attack.
You hit the kobold but do no damage. The kobold hits you but does no damage.
You block something's attack. The kobold barely misses you.
You slash the kobold!
You kill the kobold!
Something hits you!
* * * LOW HITPOINT WARNING * * *
Something burns you.
* * * LOW HITPOINT WARNING * * *
You feel very mighty all of a sudden. The rat barely misses you.
As you read the scroll of teleportation, it crumbles to dust.
You feel strangely unstable. The rat bites you but does no damage.
Something hits you!
You die...

.#...^.).## .#
#...##.###.##
.. ###.#<##
##.##.#.#.
........#
#........
..##..#.#
##.##.#.#.
#.###.###.## ..
#. #...## ## .
##.## . #@# ..
#r#
......{r....K..
.r....#...####.
.......#..#
..... . ..§
.#♣♣.♣♣ .§♣♣ P
.♣§ ♣. .♣♣P


You could see a quokka and a rat.

Vanquished Creatures
  A dart slug (D:1)
  2 bats (D:1)
  2 endoplasms (D:1)
  2 giant cockroaches (D:1)
  2 goblins (D:1)
  5 hobgoblins (D:1)
  3 ball pythons (D:1)
  A frilled lizard (D:1)
  6 kobolds
  3 rats (D:1)
27 creatures vanquished.

Vanquished Creatures (others)
  A plant (D:2)
1 creature vanquished.

Grand Total: 28 creatures vanquished

Notes
Turn   | Place    | Note
-------+----------+-------------------------------------------
     0 | D:1      | Chromium the Hill Orc Fighter began the quest for the Orb.
     0 | D:1      | Reached XP level 1. HP: 19/19 MP: 1/1
    58 | D:1      | Reached XP level 2. HP: 27/27 MP: 2/2
    98 | D:1      | Gained mutation: You sometimes lose your temper in combat.
                  | [potion of mutation]
    98 | D:1      | Gained mutation: You expend magic power (3 MP) to
                  | strengthen your wands. [potion of mutation]
   300 | D:1      | Reached skill level 4 in Fighting
   301 | D:1      | Reached XP level 3. HP: 32/33 MP: 3/3
   764 | D:2      | Noticed Sigmund
   781 | D:2      | Mangled by Sigmund

Illustrated notes

Levels and vault maps discovered:
D:1:      evilmike_arrival_fibonacci_small, layout_loops_ring, minmay_surrounded
D:2:      wad_woods_tower, layout_loops_ring, basic_altar,
          minmay_indecisive_spiral, uniq_sigmund, uniq_jessica

Skill      XL: |  1  2 |
---------------+-------+-----
Axes           | 3 |  3.2
Fighting       | 4 |  4.1
Throwing       | |  0.1
Armour         | |  3.5
Dodging        | |  0.1
Shields        | |  3.7

Action                   || total
-------------------------++-------
Melee: War axe           ||    80
Throw: Stone             ||     4
  Use: Scroll            ||     2
       Potion            ||     2
Armor: Scale mail        ||    57
Dodge: Dodged            ||    43
Block: Buckler           ||    19

Table legend: (Time is in decaauts)
 A = Elapsed time spent in this place.
 B = Non-inter-level travel time spent in this place.
 C = Inter-level travel time spent in this place.
 D = Time resting spent in this place.
 E = Time spent auto-exploring this place.
 F = Levels seen in this place.
 G = Mean time per level.
                   A        B        C        D        E       F      G
               +--------+--------+--------+--------+--------+-----+--------+
         Total |    811 |    592 |    219 |      0 |    331 |   2 |  405.5 |
       Dungeon |    811 |    592 |    219 |      0 |    331 |   2 |  405.5 |
               +--------+--------+--------+--------+--------+-----+--------+

Top non-repeatable levels by time:
     D:1: 772 daAuts
     D:2: 39 daAuts
